 Dungeon Crawl Stone Soup version 0.28-a0-1555-g9ae15a6949 (webtiles) character file.

Game seed: 11391303655215596644

2109 kae the Grappler (level 9, 0/79 HPs)
             Began as a Ghoul Fighter on Jan 18, 2022.
             Was an Initiate of Yredelemnul.
             Slain by a gnoll sergeant (8 damage)
             ... on level 7 of the Dungeon.
             The game lasted 00:08:04 (7244 turns).

kae the Grappler (Ghoul Fighter)                    Turns: 7244, Time: 00:08:05

Health: 0/79       AC: 17    Str: 19 (20) XL:     9   Next: 28%
Magic:  10/10      EV:  2    Int:  6 (7)  God:    Yredelemnul [......]
Gold:   720        SH:  0    Dex:  6 (8)  Spells: 8/8 levels left

rFire   + . .      SeeInvis +     - Unarmed
rCold   + + .      Faith    .   (no shield)
rNeg    + + +      Spirit   .   p - +0 gold dragon scales
rPois   ∞          Reflect  .   (no helmet)
rElec   .          Harm     .   f - +1 cloak
rCorr   .          Rampage  .   (no gloves)
Will    .....                   (no boots)
Stlth   ..........              (no amulet)
HPRegen 0.00/turn               e - ring of see invisible
MPRegen 0.12/turn               (no ring)

@: inhibited regen, invisible
A: claws 1, cold resistance 1, negative energy resistance 3, inhibited
regeneration, torment resistance 2
a: Renounce Religion, Recall Undead Harvest


You were on level 7 of the Dungeon.
You worshipped Yredelemnul.
Yredelemnul was noncommittal.
You visited 2 branches of the dungeon, and saw 8 of its levels.
You also visited: Sewer and Bailey.

You collected 720 gold pieces.

Inventory:

Armour
 a - a +0 scale mail
 b - a +0 buckler
 f - a +1 cloak (worn)
 p - +0 gold dragon scales (worn)
Jewellery
 e - a ring of see invisible (left claw)
 n - an amulet of faith
Wands
 o - a wand of flame (10)
 q - a wand of iceblast (3)
 u - a wand of mindburst (6)
Scrolls
 r - a scroll of teleportation
 t - a scroll of amnesia
Potions
 c - a potion of haste
 h - a potion of invisibility


   Skills:
 + Level 7.1 Fighting
 + Level 5.8 Armour
 - Level 2.6 Shields
 * Level 9.1 Unarmed Combat
 + Level 3.6 Invocations


You had 8 spell levels left.
You didn't know any spells.
Your spell library contained the following spells:

 Spells                   Type           Power      Damage    Failure   Level
 Magic Dart               Conj           0%         1d3       100%        1
 Corpse Rot               Necr/Air       0%         N/A       100%        2
 Poisonous Vapours        Pois/Air       0%         N/A       100%        2
 Searing Ray              Conj           0%         2d4       100%        2
 Fulminant Prism          Conj/Hex       0%         3d6       100%        4


Dungeon Overview and Level Annotations

Branches:
Dungeon (7/15)             Temple (1/1) D:5           Sewer (visited)
 Bailey (visited)

Altars:
Cheibriados
Dithmenos
Elyvilon
Fedhas
Gozag
Kikubaaqudgha
Nemelex Xobeh
Okawaru
Ru
Sif Muna
Uskayaw
Vehumet
Wu Jian
Xom
Yredelemnul
Zin
The Shining One


Innate Abilities, Weirdness & Mutations

You thrive by killing the living.
You are immune to poison.
You have sharp fingernails.
Your flesh is cold resistant. (rC+)
You are immune to negative energy. (rN+++)
You do not regenerate when monsters are visible.
You are immune to unholy pain and torment.


Message History

Gang up on whom?
Press: ? - help, Dir - move target, f - gnoll sergeant
Aim: a gnoll sergeant, wielding a +0 halberd and wearing a +0 chain mail Attack!
Your gnoll zombie hits the gnoll sergeant but does no damage.
The gnoll sergeant hits your gnoll zombie with a +0 halberd!!
Your gnoll zombie is destroyed!
Aiming: Mindburst
Press: ? - help, Shift-Dir - straight line, f/p - gnoll sergeant
Aim: a gnoll sergeant, wielding a +0 halberd and wearing a +0 chain mail (chance to affect: 64%)
The gnoll sergeant struggles to resist.
You don't have any such object.
Evoke which item? (* to show all) (? for menu, Esc to quit)
Okay, then.
Unknown command.
Aiming: Mindburst
Press: ? - help, Shift-Dir - straight line, f/p - gnoll sergeant
Aim: a gnoll sergeant, wielding a +0 halberd and wearing a +0 chain mail (chance to affect: 64%)
The gnoll sergeant struggles to resist.
You hear a howl!
A wolf comes into view.
You fade into invisibility!
The gnoll sergeant hits you but does no damage.
The gnoll sergeant hits you with a +0 halberd!
* * * LOW HITPOINT WARNING * * *
You barely miss the gnoll sergeant.
The gnoll sergeant hits you with a +0 halberd!
* * * LOW HITPOINT WARNING * * *
You scratch the gnoll sergeant but do no damage.
The gnoll sergeant hits you but does no damage.
There is a gate leading back out of this place here.
The gnoll sergeant hits you with a +0 halberd.
* * * LOW HITPOINT WARNING * * *
Welcome back to the Dungeon!
There is an empty arch of ancient stone here.
You claw the gnoll sergeant!
The gnoll sergeant is moderately wounded.
The gnoll sergeant hits you with a +0 halberd!
You die...
Yredelemnul claims you as an undead slave.

........#
........######
........'....
.........#.##
#.........# #
#.≈≈≈≈))Z.# .
#.≈##)##).# .
#. #...#≈.# .
#. #g@.#≈.# .
#.##.≈#...#≈.#
#
#.##.≈#####≈.#
#.##.≈≈≈≈≈≈≈.#
#.##.........#
.#
#.####.#.)..##
####. #.#
#..)).##
....#.###.#
###.####
....+.....#
#....#


You could see a gnoll sergeant.

Vanquished Creatures
  A troll (D:7)
  A water moccasin (D:5)
  An ice beast (D:5)
  Pargi (Sewer)
  A black bear (D:3)
  2 sky beasts
  An ogre (D:5)
  3 scorpions
  A gnoll sergeant (Bailey)
  A water moccasin skeleton (D:5)
  A bullfrog zombie (D:5)
  4 hounds
  A centaur skeleton (D:5)
  2 gnoll shamans
  A jelly (D:4)
  2 iguanas
  An orc wizard (D:7)
  A killer bee zombie (D:7)
  20 gnolls
  5 river rats (D:3)
  13 adders
  A shadow imp (D:7)
  An adder skeleton (D:4)
  4 worms (D:3)
  3 dart slugs
  6 orcs
  6 ball pythons
  3 bats
  3 endoplasms
  3 giant cockroaches
  12 goblins
  6 hobgoblins
  2 quokkas
  9 frilled lizards
  7 kobolds
  11 rats
141 creatures vanquished.

Vanquished Creatures (collateral kills)
  A gnoll sergeant (Bailey)
  A gnoll shaman (Bailey)
  2 gnolls
  A goblin (D:7)
5 creatures vanquished.

Vanquished Creatures (others)
  2 hound zombies (Bailey)
  7 gnoll zombies
9 creatures vanquished.

Grand Total: 155 creatures vanquished

Notes
Turn   | Place    | Note
-------+----------+-------------------------------------------
     0 | D:1      | kae the Ghoul Fighter began the quest for the Orb.
     0 | D:1      | Reached XP level 1. HP: 19/19 MP: 0/0
   161 | D:1      | Reached XP level 2. HP: 5/26 MP: 1/1
   483 | D:1      | Reached skill level 3 in Unarmed Combat
   494 | D:1      | Reached XP level 3. HP: 31/31 MP: 2/2
   748 | D:1      | Found a faded altar of an unknown god.
  1394 | D:1      | Reached XP level 4. HP: 31/40 MP: 3/3
  2032 | D:2      | Reached skill level 4 in Unarmed Combat
  2227 | D:3      | Reached XP level 5. HP: 25/46 MP: 4/4
  2488 | D:3      | Found a glowing drain.
  2497 | Sewer    | Entered a sewer
  2537 | Sewer    | Noticed Pargi
  2546 | Sewer    | Killed Pargi
  2547 | Sewer    | Reached skill level 5 in Unarmed Combat
  2547 | Sewer    | Reached XP level 6. HP: 52/53 MP: 5/5
  2681 | D:3      | Identified a scroll of acquirement
  2681 | D:3      | Acquired 521 gold pieces
  3255 | D:3      | Reached skill level 5 in Fighting
  3698 | D:4      | Noticed a black bear
  3705 | D:3      | Killed a black bear
  3706 | D:3      | Reached skill level 6 in Unarmed Combat
  3706 | D:3      | Reached XP level 7. HP: 52/61 MP: 6/6
  4516 | D:4      | Found a blossoming altar of Fedhas.
  4953 | D:5      | Entered Level 5 of the Dungeon
  5037 | D:5      | Reached skill level 7 in Unarmed Combat
  5290 | D:5      | Found a staircase to the Ecumenical Temple.
  5315 | D:5      | Reached XP level 8. HP: 62/70 MP: 7/7
  5329 | Temple   | Entered the Ecumenical Temple
  5524 | Temple   | Became a worshipper of Yredelemnul the Dark
  5820 | D:5      | Reached * piety under Yredelemnul
  6058 | D:5      | Reached skill level 5 in Armour
  6058 | D:5      | Reached skill level 1 in Invocations
  6062 | D:5      | Reached ** piety under Yredelemnul
  6298 | D:5      | Reached *** piety under Yredelemnul
  6418 | D:6      | You fall into a shaft and drop 1 floor!
  6447 | D:7      | Noticed a kobold demonologist
  6450 | D:7      | Noticed a kobold demonologist
  6452 | D:7      | Noticed a kobold demonologist
  6453 | D:7      | Noticed an ice devil
  6571 | D:7      | Noticed a troll
  6598 | D:7      | HP: 1/71 [troll (11)]
  6600 | D:7      | Killed a troll
  6601 | D:7      | Reached skill level 8 in Unarmed Combat
  6654 | D:7      | Reached XP level 9. HP: 45/78 MP: 10/10
  6796 | D:7      | Found a flagged portal.
  6803 | Bailey   | Entered a bailey
  7108 | Bailey   | Reached skill level 9 in Unarmed Combat
  7244 | D:7      | Slain by a gnoll sergeant

Illustrated notes

Levels and vault maps discovered:
D:1:      matt_arrival_grand_opening, layout_loops_ring, basic_ecumenical_altar
D:2:      layout_basic
D:3:      layout_basic, lightli_sewer_entry_pipes
D:4:      layout_basic, fedhas_ov_isle_minmay, nicolae_underground_beach
D:5:      layout_loops_corners, mainiacjoe_overflow_alcove_4,
          minmay_temple_entry_tees
D:6:      layout_basic, uniq_duvessa, uniq_blork_the_orc, uniq_menkaure
D:7:      layout_basic, makhleb_blood_cavern_becter, enter_bailey_3, uniq_pikel
Temple:   regret_index_temple_waves

Skill      XL: |  1  2  3  4  5  6  7  8  9 |
---------------+----------------------------+-----
Unarmed Combat | 3 4 5 6 7 8 9 |  9.1
Armour         | 3 4 5 |  5.8
Fighting       | 4 5 6 7 |  7.1
Invocations    | 2 3 |  3.6
Shields        | |  2.6

Action                   |  1- 3 |  4- 6 |  7- 9 || total
-------------------------+-------+-------+-------++-------
Melee: Unarmed           |    74 |   235 |   234 ||   543
       Punch             |     3 |     4 |     6 ||    13
Evoke: Wand              |       |       |     9 ||     9
  Use: Scroll            |     2 |     6 |     3 ||    11
       Potion            |       |     1 |    12 ||    13
 Stab: Invisible         |       |       |     4 ||     4
Armor: Scale mail        |    21 |   110 |    43 ||   174
       Gold dragon scale |       |       |   115 ||   115
Dodge: Dodged            |    32 |   104 |    57 ||   193

Table legend: (Time is in decaauts)
 A = Elapsed time spent in this place.
 B = Non-inter-level travel time spent in this place.
 C = Inter-level travel time spent in this place.
 D = Time resting spent in this place.
 E = Time spent auto-exploring this place.
 F = Levels seen in this place.
 G = Mean time per level.
                   A        B        C        D        E       F      G
               +--------+--------+--------+--------+--------+-----+--------+
         Total |   7261 |   7031 |    230 |   1749 |   3816 |  10 |  726.1 |
       Dungeon |   6347 |   6229 |    118 |   1453 |   3598 |   7 |  906.7 |
        Temple |    263 |    152 |    111 |      0 |    133 |   1 |  263.0 |
         Sewer |    216 |    216 |      0 |      0 |     84 |   1 |  216.0 |
        Bailey |    432 |    432 |      0 |    296 |      0 |   1 |  432.0 |
               +--------+--------+--------+--------+--------+-----+--------+

Top non-repeatable levels by time:
     D:3: 1561 daAuts
     D:1: 1485 daAuts
     D:5: 1185 daAuts
     D:4: 1074 daAuts
     D:2: 667 daAuts
  Bailey: 432 daAuts
     D:7: 359 daAuts
  Temple: 263 daAuts
   Sewer: 216 daAuts
     D:6: 13 daAuts
